Map: Hecate LE

Players

Dark - Winner!

  • Race: Zerg Zerg
  • Spawn Location: 1:00

LiquidClem (Clem)

  • Race: Terran Terran
  • League: Master
  • Spawn Location: 7:00

VOD

Have the link to the VOD?

Description

Time

  • Played on: Dec. 11, 2023, 10:01 a.m.
  • Length: 15:51
Show
View Real Time Build Order
Export as new Build Order

Dark Zerg - Winner!

Build Orders: Hatch First 

Get SALT Encoding   

  12  0:00  Drone  
  13  0:12  Overlord  
  13  0:17  Drone  
  14  0:30  Drone x2  
  16  0:47  Hatchery  
  15  0:52  Drone  
  15  0:54  Drone  
  17  0:57  Drone  
  18  1:06  Extractor  
  17  1:14  Spawning Pool  
  17  1:16  Drone  
  17  1:19  Drone  
  18  1:30  Drone  
  19  1:40  Drone  
  20  1:49  Drone  
  21  2:01  Queen x2  
  23  2:02  Zergling x4  
  27  2:08  Metabolic Boost  
  27  2:13  Overlord  
  27  2:14  Drone  
  28  2:28  Hatchery  
  27  2:31  Drone  
  27  2:32  Drone  
  27  2:35  Drone  
  28  2:40  Drone  
  29  2:45  Queen  
  31  2:52  Overlord  
  31  2:53  Drone  
  31  2:55  Drone  
  33  3:04  Drone x2  
  35  3:11  Drone  
  35  3:12  Drone x3  
  39  3:13  Drone x2  
  39  3:16  Overlord  
  41  3:22  Queen  
  43  3:40  Drone x6  
  49  3:41  Queen  
  51  3:49  Overlord  
  51  3:50  Drone x2  
  51  3:51  Drone x3  
  51  3:55  Overlord  
  56  4:05  Drone  
  56  4:08  Overlord  
  57  4:13  Zergling x10  
  62  4:18  Extractor, Zergling x4, Lair  
  62  4:19  Zergling x2, Extractor  
  62  4:21  Queen  
  65  4:25  Queen  
  65  4:30  Drone x3  
  70  4:32  Drone  
  70  4:37  Drone x2  
  73  4:42  Drone  
  73  4:44  Drone x3  
  73  4:45  Drone  
  78  4:48  Drone  
  78  4:50  Baneling Nest  
  78  4:52  Evolution Chamber  
  77  4:53  Spore Crawler  
  77  4:55  Spore Crawler, Evolution Chamber  
  74  5:00  Zergling x10  
  74  5:05  Drone  
  80  5:10  Drone x2  
  82  5:14  Spore Crawler  
  82  5:18  Zergling x2  
  82  5:26  Overlord  
  82  5:35  Drone  
  82  5:37  Drone x2  
  82  5:40  Drone x3  
  82  5:41  Drone  
  80  5:43  Drone x2, Overlord x2  
  80  5:46  Zerg Melee Weapons Level 1, Centrifugal Hooks, Zerg Ground Armor Level 1, Extractor  
  80  5:47  Drone x4  
  85  5:51  Overseer  
  85  5:52  Hatchery  
  85  5:54  Drone  
  85  5:58  Drone x2  
  85  6:02  Drone  
  88  6:05  Hatchery  
  88  6:06  Drone x2  
  88  6:09  Extractor  
  88  6:14  Zergling x10  
  88  6:18  Zergling x2  
  94  6:19  Zergling x2  
  94  6:21  Zergling x2  
  94  6:22  Zergling x4  
  94  6:24  Overlord  
  98  6:29  Overlord  
  98  6:31  Overlord  
  98  6:33  Overlord x2  
  98  6:34  Zergling x4  
  97  6:42  Infestation Pit  
  93  6:50  Drone x3  
  96  6:54  Zergling x6  
  96  6:59  Drone  
  100  7:03  Zergling x4  
  100  7:05  Drone x3  
  100  7:08  Zergling x2  
  106  7:14  Baneling x8  
  106  7:15  Baneling x6  
  106  7:16  Baneling x3  
  106  7:20  Infestor, Hive  
  106  7:21  Zergling x2  
  106  7:22  Zergling x6  
  112  7:23  Zergling x2  
  112  7:24  Drone x2  
  112  7:29  Zergling x16  
  123  7:32  Burrow  
  121  7:38  Hatchery  
  121  7:39  Zergling x6  
  121  7:41  Zergling x4  
  117  7:51  Zergling x14  
  119  7:55  Queen x2  
  119  7:56  Queen  
  119  7:58  Zergling x12  
  133  8:02  Zergling x2, Spore Crawler  
  133  8:03  Zergling x8, Baneling  
  133  8:05  Zergling x4  
  139  8:07  Spore Crawler  
  139  8:08  Drone  
  139  8:10  Drone x3  
  139  8:12  Drone  
  143  8:13  Baneling x2  
  143  8:16  Zergling x4  
  144  8:20  Zergling x10  
  144  8:21  Baneling x5  
  149  8:29  Overlord  
  149  8:35  Overlord x2  
  149  8:37  Overlord  
  149  8:38  Overlord  
  149  8:39  Overlord x2  
  149  8:41  Overlord  
  147  8:49  Zergling x24  
  147  8:54  Zergling x12  
  142  8:56  Baneling x4  
  142  8:57  Zergling x4  
  139  9:05  Zergling x18  
  143  9:12  Zergling x8  
  143  9:14  Zergling x2  
  141  9:17  Overseer x3  
  141  9:23  Zerg Melee Weapons Level 2, Zerg Ground Armor Level 2  
  136  9:25  Zergling x12  
  136  9:28  Zergling x6  
  145  9:32  Zergling x2  
  145  9:33  Zergling x8  
  145  9:38  Zergling x2  
  147  9:41  Baneling x2  
  147  9:42  Zergling x2, Baneling  
  147  9:43  Zergling x4  
  147  9:45  Baneling, Viper  
  150  9:46  Baneling x8  
  150  9:49  Zergling x4  
  150  9:50  Zergling x2  
  150  9:51  Drone  
  150  10:06  Zergling x20  
  132  10:11  Zergling x6  
  122  10:14  Baneling  
  122  10:15  Adrenal Glands  
  122  10:17  Viper  
  122  10:20  Zergling x8  
  131  10:21  Zergling x2  
  131  10:22  Zergling x2  
  131  10:23  Pneumatized Carapace  
  131  10:25  Baneling x2  
  131  10:27  Infestor  
  135  10:30  Zergling x16  
  135  10:33  Baneling  
  135  10:34  Baneling x4  
  135  10:35  Zergling x2  
  143  10:39  Zergling x4  
  143  10:40  Baneling x3  
  140  10:45  Zergling x8  
  130  10:59  Zergling x26  
  141  11:05  Zergling x4  
  141  11:06  Baneling x4  
  141  11:07  Baneling x3  
  135  11:13  Zergling x8  
  135  11:17  Overseer  
  136  11:19  Zergling x4  
  135  11:26  Zergling x14  
  142  11:36  Zergling x8  
  142  11:37  Hatchery  
  145  11:41  Baneling x7  
  145  11:42  Zergling x6  
  145  11:46  Hatchery  
  148  11:48  Zergling x6  
  148  11:52  Drone  
  147  12:00  Overlord x4  
  145  12:01  Baneling  
  145  12:02  Baneling  
  142  12:11  Zergling x12  
  142  12:12  Baneling, Hatchery  
  142  12:19  Zergling x6  
  142  12:20  Baneling x5  
  142  12:22  Zerg Melee Weapons Level 3, Zerg Ground Armor Level 3  
  142  12:24  Ultralisk Cavern  
  142  12:26  Zergling x6  
  143  12:30  Zergling x2  
  130  12:38  Zergling x10  
  135  12:44  Drone x3  
  135  12:50  Zergling x6  
  139  12:53  Zergling x4  
  139  12:54  Baneling x3  
  133  13:05  Zergling x10  
  137  13:13  Chitinous Plating  
  137  13:14  Ultralisk x3  
  137  13:18  Zergling x6  
  137  13:19  Hatchery  
  155  13:24  Zergling x4  
  155  13:26  Baneling x4  
  155  13:29  Baneling x2  
  155  13:32  Zergling x14  
  155  13:33  Zergling x6  
  165  13:45  Zergling x18  
  165  13:48  Hatchery  
  173  13:53  Ultralisk  
  178  14:00  Zergling x18  
  166  14:10  Zergling x14  
  165  14:17  Zergling x2  
  165  14:18  Zergling x10  
  165  14:22  Ultralisk  
  177  14:25  Zergling x8  
  177  14:30  Zergling x8  
  177  14:31  Anabolic Synthesis, Baneling x2  
  180  14:34  Zergling x2  
  180  14:36  Baneling  
  181  14:41  Ultralisk  
  181  14:43  Zergling x2  
  181  14:44  Baneling  
  181  14:45  Overseer  
  188  14:47  Baneling x2  
  188  14:51  Zergling x10  
  191  14:55  Baneling x5  
  191  15:03  Zergling x6  
  191  15:06  Zergling x6  
  197  15:07  Baneling  
  197  15:08  Baneling x7  
  197  15:09  Baneling x2  
  197  15:10  Zergling x2  
  178  15:26  Zergling x26  
  172  15:31  Zergling x8  
Show
View Real Time Build Order
Export as new Build Order

LiquidClem Terran 

Build Orders: Reaper Expand, Hellion Banshee 

Get SALT Encoding   

  12  0:00  SCV  
  13  0:12  SCV  
  14  0:17  Supply Depot  
  14  0:24  SCV  
  15  0:38  SCV  
  15  0:40  Barracks  
  16  0:43  Refinery  
  16  0:50  SCV  
  17  1:02  SCV  
  18  1:14  SCV  
  19  1:27  Reaper, Orbital Command  
  20  1:38  Command Center  
  20  1:45  Supply Depot  
  20  1:53  SCV  
  21  1:58  Marine  
  22  2:05  SCV  
  23  2:10  Factory  
  23  2:17  SCV  
  23  2:20  Barracks Reactor  
  24  2:32  SCV  
  25  2:38  Command Center  
  25  2:46  SCV  
  25  2:50  Orbital Command  
  26  3:00  SCV, Starport  
  26  3:04  Refinery  
  27  3:07  Hellion  
  27  3:12  Hellion  
  31  3:13  SCV  
  31  3:16  SCV  
  31  3:19  Barracks Tech Lab  
  33  3:25  SCV  
  34  3:28  SCV  
  34  3:29  Hellion  
  34  3:33  Hellion  
  39  3:37  SCV  
  39  3:40  SCV  
  41  3:46  Banshee  
  41  3:47  Marine  
  44  3:50  Orbital Command  
  44  3:52  SCV  
  45  3:56  Cloaking Field, SCV  
  45  4:01  Hellion  
  48  4:04  Hellion  
  48  4:08  SCV  
  48  4:09  Supply Depot  
  52  4:10  SCV  
  52  4:12  Barracks Tech Lab  
  52  4:16  SCV  
  53  4:21  SCV  
  53  4:22  SCV  
  55  4:29  Banshee  
  58  4:31  Barracks, Marine  
  58  4:32  SCV  
  58  4:34  Barracks  
  58  4:35  Supply Depot  
  58  4:37  SCV  
  58  4:38  Factory Reactor  
  61  4:41  SCV  
  61  4:44  SCV  
  61  4:45  Stimpack  
  63  4:49  Marine  
  63  4:51  Refinery x2, SCV  
  65  4:55  SCV  
  66  5:00  Engineering Bay  
  66  5:01  Engineering Bay  
  66  5:04  SCV, Orbital Command  
  66  5:07  Supply Depot, Marine  
  67  5:08  SCV  
  69  5:16  Barracks  
  69  5:18  Barracks  
  69  5:19  SCV  
  70  5:22  Starport Reactor  
  70  5:24  Marine  
  70  5:25  Marine  
  70  5:26  Marine  
  69  5:33  Engineering Bay  
  69  5:34  SCV  
  69  5:35  SCV x2  
  71  5:42  Marine  
  68  5:46  SCV  
  68  5:47  Siege Tank, SCV x2  
  74  5:52  Terran Infantry Weapons Level 1  
  74  5:53  Terran Infantry Armor Level 1  
  74  5:58  SCV, Supply Depot  
  74  5:59  SCV  
  74  6:00  SCV  
  74  6:02  Marine x4  
  81  6:07  Barracks Reactor x2  
  81  6:10  SCV  
  81  6:11  SCV  
  83  6:12  SCV, Supply Depot  
  84  6:20  Supply Depot  
  84  6:22  Medivac  
  84  6:23  SCV x2, Medivac  
  84  6:24  Supply Depot  
  84  6:25  Marine  
  90  6:27  Marine  
  90  6:28  Marine  
  93  6:34  SCV, Marine x2  
  93  6:35  SCV x2  
  93  6:38  Supply Depot  
  98  6:42  Combat Shield  
  98  6:43  Marine x2  
  98  6:46  SCV  
  102  6:47  SCV x2  
  102  6:48  Supply Depot  
  102  6:49  Factory Reactor  
  103  6:54  Marine  
  103  6:57  Marine  
  103  6:58  SCV, Marine  
  103  6:59  SCV x2  
  109  7:02  Supply Depot  
  109  7:09  Factory, Supply Depot  
  109  7:10  Armory, SCV, Marine  
  109  7:11  SCV x2  
  109  7:13  Marine  
  114  7:16  Supply Depot  
  114  7:18  Supply Depot  
  114  7:20  Marine  
  114  7:21  Marine  
  116  7:22  SCV  
  116  7:23  SCV x2  
  116  7:24  Marine x5  
  116  7:27  Marine  
  125  7:30  Refinery  
  125  7:33  Supply Depot  
  125  7:37  Medivac x2  
  125  7:42  Marine  
  125  7:43  SCV x2  
  122  7:44  SCV  
  122  7:47  Marine  
  122  7:50  Marine  
  117  7:51  Marine  
  117  7:52  Widow Mine x2  
  117  7:53  Marine x2  
  117  7:55  Factory Tech Lab, SCV x2  
  117  7:56  SCV  
  127  8:01  Command Center  
  127  8:03  Terran Infantry Weapons Level 2  
  127  8:04  Terran Infantry Armor Level 2  
  127  8:05  Marine  
  127  8:07  SCV x2  
  127  8:10  SCV  
  131  8:14  Medivac x2  
  131  8:16  Widow Mine x2  
  131  8:18  Widow Mine  
  141  8:21  Marine  
  141  8:24  Drilling Claws  
  141  8:25  SCV  
  141  8:26  SCV  
  144  8:27  Marine  
  144  8:28  Marine  
  144  8:29  Marine x2  
  144  8:31  Marine  
  149  8:34  Marine  
  149  8:36  Marine x2  
  149  8:37  Widow Mine  
  154  8:42  SCV  
  154  8:43  Barracks  
  154  8:44  Barracks x2  
  154  8:45  Medivac  
  154  8:52  SCV  
  154  8:53  Marine  
  145  8:57  SCV, Marine x8  
  145  9:01  SCV  
  131  9:07  Widow Mine  
  131  9:08  SCV, Medivac  
  134  9:10  Marine  
  134  9:14  Marine  
  135  9:17  Widow Mine, Marine x4  
  135  9:19  Marine  
  135  9:24  Marine  
  134  9:27  Marine  
  134  9:28  Marine  
  137  9:31  SCV x2  
  137  9:32  Marine  
  137  9:33  SCV  
  137  9:35  Marine  
  137  9:36  Widow Mine  
  144  9:42  Marine x2  
  144  9:43  SCV  
  144  9:45  Marauder  
  147  9:46  Marauder  
  147  9:49  Widow Mine  
  147  9:51  SCV x2  
  151  9:56  Refinery  
  151  9:58  Planetary Fortress  
  149  10:00  Marine  
  149  10:01  SCV, Marine  
  149  10:05  SCV, Marine  
  141  10:08  Widow Mine  
  141  10:11  SCV  
  141  10:12  Widow Mine  
  141  10:13  SCV  
  135  10:17  SCV  
  135  10:19  Widow Mine, Marine x2  
  139  10:23  SCV  
  139  10:26  SCV  
  141  10:30  SCV  
  141  10:35  SCV  
  141  10:36  Terran Infantry Weapons Level 3  
  141  10:37  Widow Mine  
  141  10:38  SCV, Marine x2  
  141  10:39  SCV, Marine x2  
  141  10:41  Marine  
  151  10:42  SCV  
  151  10:52  Widow Mine, Marauder  
  151  10:53  Marine  
  151  10:54  Medivac  
  150  11:00  Widow Mine, Marine x7  
  150  11:02  SCV  
  150  11:03  SCV  
  154  11:05  SCV  
  154  11:10  Terran Infantry Armor Level 3  
  155  11:12  Marine  
  155  11:13  SCV  
  155  11:15  SCV  
  154  11:23  Marine  
  154  11:25  SCV  
  143  11:30  Marine  
  143  11:31  Widow Mine, Marine x9  
  155  11:33  SCV x2  
  155  11:34  SCV  
  155  11:38  SCV  
  159  11:41  Marine  
  159  11:46  Widow Mine  
  162  11:47  Refinery, Sensor Tower  
  162  11:48  Marine  
  162  11:49  Marauder  
  160  11:55  SCV x2  
  160  11:57  SCV  
  160  11:58  SCV  
  153  12:07  SCV x2  
  149  12:09  SCV  
  149  12:11  Widow Mine, Marine x3, Medivac  
  149  12:12  Marauder, Marine x2  
  149  12:13  Barracks Tech Lab, Marauder  
  149  12:15  SCV, Marine  
  165  12:19  SCV  
  165  12:21  Marine  
  165  12:23  Medivac  
  165  12:26  Widow Mine, Marine  
  165  12:29  SCV, Marine x2  
  173  12:30  Marine  
  173  12:34  Marauder x2  
  173  12:35  SCV  
  172  12:40  Widow Mine  
  172  12:41  Medivac  
  172  12:42  SCV x2, Command Center  
  178  12:48  Refinery  
  178  12:50  Widow Mine  
  180  12:56  Widow Mine  
  180  13:01  Medivac  
  180  13:02  Widow Mine, Marine  
  180  13:04  Marauder, Marine x2  
  173  13:05  Marine  
  173  13:07  Marine  
  173  13:11  Widow Mine  
  175  13:13  Marine x2  
  175  13:14  Marauder, Marine  
  175  13:17  Marauder, Supply Depot  
  175  13:18  Supply Depot  
  180  13:23  Widow Mine, Marine  
  180  13:26  Supply Depot  
  180  13:27  Marine  
  180  13:28  Widow Mine  
  180  13:37  Ghost Academy  
  180  13:38  Marauder, Marine x2  
  180  13:39  Widow Mine, Marauder x2  
  190  13:45  Widow Mine  
  192  13:48  Starport  
  192  13:49  Liberator x2  
  192  13:50  Concussive Shells  
  196  14:00  Widow Mine, Marauder x2  
  198  14:03  Marauder  
  181  14:15  Widow Mine  
  171  14:18  Marine  
  171  14:20  Ghost  
  171  14:21  Widow Mine, Marauder  
  178  14:25  Marine  
  178  14:26  Medivac  
  178  14:29  Widow Mine  
  172  14:32  Liberator  
  172  14:33  Command Center  
  172  14:34  Ghost  
  172  14:35  Medivac  
  172  14:36  Widow Mine  
  167  14:39  Marine  
  167  14:40  Refinery  
  167  14:41  Marine  
  167  14:42  Ghost  
  167  14:45  Widow Mine  
  173  14:48  Refinery  
  173  14:49  Ghost  
  173  14:52  Widow Mine  
  177  14:56  Medivac  
  177  14:57  SCV  
  180  15:02  Planetary Fortress, Ghost  
  180  15:04  SCV  
  180  15:05  SCV  
  184  15:08  SCV  
  184  15:10  Ghost  
  184  15:11  SCV  
  186  15:18  Marauder, Medivac  
  186  15:20  Marine  
  186  15:21  Marine  
  175  15:25  Marine  
  157  15:29  Widow Mine  
Tags
 
Composition
Hellion Banshee
League
Master
Matchup
TvZ
Player
ClemDark
Replay Pack
December 2023
Spawn Locations
Cross Positions
Add a new tag
Caveats
  • Supply blocks, unpowered buildings, or Contaminate may cause inaccurate times.
  • Supply counts are checked every 10 seconds.